AoeStats
← mattinstat

Arena

505100276Analyzed
2v2 RM · 24d ago on Sep 7, 2026· 24m 46s· 4 players
Game mode
Random Map
Map size
Medium (4 player)
Population
200
Speed
Normal
Resources
Standard
Victory
Conquest
Starting age
Dark Age
Ending age
Imperial Age
RankedLock teamsTeams togetherTeam positionsShared explorationLock speedFull tech treeHidden civsTurbo modeCheats
Victory
Defeat
🇫🇷 Bulgarians · France
1117
+14
🇫🇷 Bulgarians · France
1085
+14
🇮🇹 Poles · Italy
1085
-15
🇮🇹 Turks · Italy
1041
-13
Options1986
10:28 Feudal Age
11:38 Double-Bit Axe
13:02 Gold Mining
17:12 Castle Age
15:11 Stone Mining
15:17 Horse Collar
18:52 Bow Saw
20:59 Fletching
mattinstat
11:28 Feudal Age
16:20 Castle Age
15:30 Stone Mining
19:14 Loom
20:32 Horse Collar
22:23 Town Watch
Tazys
9:49 Feudal Age
13:38 Castle Age
13:11 Loom
23:16 Fletching
HBDLM
11:08 Feudal Age
9:26 Loom
12:50 Town Watch
15:10 Castle Age
15:36 Double-Bit Axe
16:19 Fletching
16:23 Town Watch
23:36 Bodkin Arrow
Connection lost

Rejoining the realm…

Still unreachable

The connection could not be restored.

Session expired

The server has moved on; the page needs a fresh start.